 Dungeon Crawl Stone Soup version 0.30-a0-1124-g6e8f0f562f (webtiles) character file.

Game seed: 12576384013561734938

50 Kenran the Shooter (level 3, -2/30 HPs)
             Began as a Hill Orc Hunter on Apr 23, 2023.
             Slain by an ice beast (8 damage)
             ... on level 3 of the Dungeon.
             The game lasted 00:02:02 (1148 turns).

Kenran the Shooter (Hill Orc Hunter)                Turns: 1148, Time: 00:02:03

Health: -2/30      AC:  3    Str: 13    XL:     3   Next: 79%
Magic:  3/3        EV: 11    Int:  9    God:
Gold:   119        SH:  0    Dex: 16    Spells: 2/2 levels left

rFire   . . .        a - +0 shortbow
rCold   . . .        (shield currently unavailable)
rNeg    . . .        c - +0 leather armour
rPois   .            (no helmet)
rElec   .            (no cloak)
rCorr   .            (no gloves)
SInv    .            (no boots)
Will    .....        (no amulet)
Stlth   +            (no ring)
HPRegen 0.25/turn    (no ring)
MPRegen 0.08/turn

%: no passive effects
@: no status effects
A: no striking features
a: no special abilities


You were on level 3 of the Dungeon.
You visited 1 branch of the dungeon, and saw 3 of its levels.

You collected 119 gold pieces.

Inventory:

Hand Weapons
 a - a +0 shortbow (weapon)
Armour
 c - a +0 leather armour (worn)
Jewellery
 m - a ring of flight
Scrolls
 b - 3 scrolls of immolation {!r}
 d - 2 scrolls of identify {unknown}
 f - a scroll of enchant weapon {unknown}
 g - a scroll of torment {unknown}
 i - a scroll of fog {unknown}
 l - a scroll of fear {unknown}
Potions
 e - a potion of curing {@q1}
 h - a potion of brilliance {unknown}
 j - a potion of magic {unknown}
 k - a potion of mutation {unknown}


   Skills:
 - Level 2.4 Fighting
 + Level 4.9 Ranged Weapons
 - Level 1.5 Dodging
 - Level 0.7 Stealth


You had 2 spell levels left.
You didn't know any spells.
Your spell library contained the following spells:

 Spells                   Type           Power      Damage    Failure   Level
 Ozocubu's Armour         Ice            0%         N/A       83%         3
 Ozocubu's Refrigeration  Ice            0%         4d7       100%        7


Dungeon Overview and Level Annotations

Branches:
Dungeon (3/15)

Altars:

Annotations:
D:3 1 transporter, CryoSword's ghost, weakling DgSu


Message History

The rat is heavily wounded.
You shoot an arrow. The arrow hits the ice beast.
The ice beast is heavily wounded.
The ice beast hits you but does no damage.
You shoot an arrow.
The arrow hits the ice beast but does no damage.
The ice beast is heavily wounded.
The ice beast barely misses you.
You shoot an arrow.
The arrow hits the ice beast but does no damage.
The ice beast is heavily wounded.
The ice beast closely misses you.
You should not fight recklessly!
You shoot an arrow.
The arrow hits the ice beast but does no damage.
The ice beast is moderately wounded.
The ice beast hits you. The ice beast freezes you!
The ice beast hits you but does no damage.
You shoot an arrow. The arrow barely misses the ice beast.
The arrow hits the rat.
You kill the rat!
The ice beast hits you but does no damage.
It was a potion of curing.
You feel better. The ice beast closely misses you.
You shoot an arrow. The arrow hits the ice beast.
The ice beast is heavily wounded.
The ice beast hits you but does no damage.
You shoot an arrow.
The arrow hits the ice beast but does no damage.
The ice beast is heavily wounded.
The ice beast hits you. The ice beast freezes you! The ice beast hits you.
The ice beast freezes you!
* * * LOW HITPOINT WARNING * * *
You are too injured to fight recklessly!
You are too injured to fight recklessly!
You feel better. The ice beast hits you. The ice beast freezes you!
* * * LOW HITPOINT WARNING * * *
You feel better. The ice beast hits you.
* * * LOW HITPOINT WARNING * * *
The ice beast freezes you!
You die...

... ... ...
... .. #.#
..#.# ..#.#
#..># #.#Y# .#
#.#@# ..
#..#.#.#
..O##..#...#
#.#..#.#...#
.??.OWO#...##
#########...#
.©.....#...##
............#
.####....#...#


You could see an ice beast.

Vanquished Creatures
  An adder (D:2)
  2 worms
  3 ball pythons (D:1)
  6 bats
  3 endoplasms
  A giant cockroach (D:2)
  4 goblins
  3 hobgoblins
  3 quokkas (D:1)
  A frilled lizard (D:1)
  5 kobolds
  A rat (D:3)
33 creatures vanquished.

Notes
Turn   | Place    | Note
-------+----------+-------------------------------------------
     0 | D:1      | Kenran the Hill Orc Hunter began the quest for the Orb.
     0 | D:1      | Reached XP level 1. HP: 18/18 MP: 1/1
   143 | D:1      | Reached skill level 4 in Ranged Weapons
   143 | D:1      | Reached XP level 2. HP: 25/25 MP: 2/2
   707 | D:2      | Reached XP level 3. HP: 30/30 MP: 3/3
  1118 | D:3      | Identified the +3 giant club of Past Mistakes {protect,
                  | rPois rCorr Int+4}
  1118 | D:3      | Noticed an ogre
  1119 | D:3      | Noticed CryoSword's ghost (weakling DgSu)
  1120 | D:3      | Found a transporter.
  1120 | D:3      | Noticed an ogre
  1123 | D:3      | Noticed an ogre
  1135 | D:3      | Noticed an ice beast
  1147 | D:3      | HP: 1/30 [ice beast (11)]
  1148 | D:3      | Slain by an ice beast

Illustrated notes

Levels and vault maps discovered:
D:1:      ebering_trefoil_3fold, layout_loops_ring, minivault_11
D:2:      layout_basic
D:3:      layout_basic, lemuel_tele_altar, gammafunk_ghost_smash, uniq_ijyb

Skill      XL: |  1 |
---------------+----+-----
Ranged Weapons | 4 |  4.9
Fighting       | |  2.4
Dodging        | |  1.5
Stealth        | |  0.7

Action                     || total
---------------------------++-------
   Fire: Shortbow          ||   100
    Use: Potion            ||     3
 Armour: Leather armour    ||    20
  Dodge: Dodged            ||    23

Table legend: (Time is in decaauts)
 A = Elapsed time spent in this place.
 B = Non-inter-level travel time spent in this place.
 C = Inter-level travel time spent in this place.
 D = Time resting spent in this place.
 E = Time spent auto-exploring this place.
 F = Levels seen in this place.
 G = Mean time per level.
                   A        B        C        D        E       F      G
               +--------+--------+--------+--------+--------+-----+--------+
         Total |   1179 |   1140 |     39 |     49 |    856 |   3 |  393.0 |
       Dungeon |   1179 |   1140 |     39 |     49 |    856 |   3 |  393.0 |
               +--------+--------+--------+--------+--------+-----+--------+

Top non-repeatable levels by time:
     D:1: 589 daAuts
     D:2: 471 daAuts
     D:3: 118 daAuts
